Map: Prion Terraces

Players

PiG

  • Race: Zerg Zerg
  • League: Grandmaster

lIlIlIlIlIlI (SortOf) - Winner!

  • Race: Zerg Zerg

Event: NationWars III

VOD

Have the link to the VOD?

Description

Time

  • Played on: Dec. 6, 2015, 1:07 p.m.
  • Length: 10:38

All games in this series

Show
View Real Time Build Order
Export as new Build Order

PiG Zerg 

Build Orders: Hatch First 

Get SALT Encoding   

  12  0:01  Drone  
  13  0:12  Overlord  
  13  0:17  Drone  
  14  0:31  Drone x2  
  14  0:34  Drone  
  17  0:52  Hatchery  
  17  0:54  Drone  
  17  1:06  Spawning Pool  
  17  1:10  Drone  
  17  1:13  Drone  
  18  1:19  Extractor  
  18  1:23  Drone  
  18  1:32  Drone  
  19  1:42  Hatchery  
  19  1:46  Drone  
  19  1:50  Drone  
  20  1:56  Queen  
  22  2:06  Queen  
  24  2:10  Zergling x2  
  24  2:14  Drone  
  26  2:19  Overlord  
  26  2:24  Metabolic Boost  
  26  2:41  Drone x3  
  28  2:47  Baneling Nest  
  27  2:52  Drone x2  
  27  2:57  Overlord  
  29  3:04  Drone  
  29  3:05  Drone  
  31  3:15  Zergling x4  
  31  3:19  Overlord  
  33  3:23  Zergling x4  
  33  3:26  Zergling x6  
  38  3:32  Zergling x6  
  40  3:35  Baneling x2  
  40  3:36  Baneling x2  
  40  3:39  Zergling x4  
  42  3:46  Baneling  
  42  3:48  Queen  
  42  3:54  Zergling x6  
  47  4:01  Zergling x4  
  47  4:02  Zergling x2  
  50  4:03  Overlord  
  50  4:05  Baneling  
  50  4:06  Baneling  
  45  4:18  Zergling x8  
  45  4:25  Zergling x12  
  49  4:33  Drone  
  49  4:40  Drone x2  
  49  4:44  Roach Warren  
  47  4:50  Zergling x10  
  47  5:03  Zergling x12  
  45  5:21  Baneling x2  
  45  5:22  Baneling  
  45  5:25  Roach x6  
  57  5:29  Overlord x3  
  57  5:49  Drone x5  
  62  5:51  Drone  
  62  5:52  Drone x2  
  62  5:54  Drone x3  
  68  6:01  Drone  
  68  6:03  Drone x3  
  71  6:09  Lair  
  71  6:10  Drone x2  
  71  6:13  Evolution Chamber  
  71  6:17  Drone  
  71  6:18  Drone x2  
  73  6:25  Drone x5  
  77  6:32  Evolution Chamber  
  77  6:33  Extractor x2  
  77  6:34  Extractor  
  77  6:38  Overlord x2  
  77  6:39  Zerg Missile Weapons Level 1  
  69  6:41  Drone  
  69  6:42  Drone  
  71  6:48  Roach x2  
  71  6:49  Overlord x3  
  75  6:56  Overlord  
  75  7:02  Drone x2  
  75  7:07  Roach x5  
  87  7:16  Hatchery, Extractor  
  87  7:17  Drone x2, Extractor  
  87  7:18  Drone x2  
  87  7:19  Drone x2  
  87  7:21  Glial Reconstitution  
  90  7:24  Drone  
  90  7:25  Drone x2, Spine Crawler  
  90  7:28  Roach  
  94  7:37  Overlord x4  
  94  7:46  Roach x5  
  94  7:49  Overseer  
  104  7:51  Roach  
  104  7:52  Roach  
  108  8:00  Zerg Ground Armor Level 1  
  108  8:06  Roach x6  
  108  8:11  Overlord x2  
  117  8:22  Ravager x5  
  117  8:24  Drone x6  
  128  8:36  Roach x8  
  144  8:41  Roach  
  144  8:42  Roach x2  
  145  9:00  Roach x7  
  152  9:16  Hatchery  
  147  9:24  Roach x7  
  161  9:34  Overlord x3  
  150  9:45  Roach x4  
  130  9:49  Roach x2  
  99  9:54  Roach x3  
  99  9:58  Roach x2  
  94  10:06  Roach x4  
  97  10:12  Roach x2  
  83  10:16  Roach x2  
Show
View Real Time Build Order
Export as new Build Order

lIlIlIlIlIlI Zerg - Winner!

Build Orders: Pool First, Zergling Baneling 

Get SALT Encoding   

  12  0:00  Drone  
  13  0:12  Overlord  
  13  0:17  Drone  
  14  0:31  Drone x2  
  14  0:34  Drone  
  17  0:46  Spawning Pool  
  17  0:47  Drone  
  17  0:56  Drone  
  18  1:01  Extractor  
  17  1:07  Drone  
  18  1:15  Hatchery  
  17  1:21  Drone  
  18  1:33  Queen  
  18  1:34  Zergling x2  
  21  1:40  Overlord  
  21  1:49  Drone  
  22  2:01  Drone  
  22  2:03  Metabolic Boost  
  23  2:08  Queen  
  23  2:12  Drone  
  26  2:26  Drone  
  26  2:29  Drone  
  28  2:35  Drone  
  28  2:44  Drone x4  
  28  2:48  Baneling Nest  
  31  2:57  Hatchery  
  31  2:58  Zergling x4  
  32  3:03  Drone x2  
  34  3:10  Queen  
  36  3:14  Overlord  
  36  3:18  Overlord  
  37  3:34  Drone  
  37  3:35  Drone x6  
  37  3:40  Baneling x2  
  43  3:45  Zergling x6  
  46  3:49  Drone  
  46  3:52  Roach Warren  
  46  3:56  Zergling x2  
  46  3:59  Baneling  
  46  4:01  Zergling x2  
  47  4:03  Zergling x6  
  47  4:06  Baneling  
  48  4:19  Baneling  
  48  4:23  Drone, Zergling x6  
  50  4:26  Drone x2  
  50  4:27  Baneling x3  
  50  4:28  Baneling  
  48  4:33  Queen  
  48  4:34  Queen  
  48  4:35  Drone, Zergling x4  
  48  4:36  Drone x2  
  48  4:38  Extractor  
  55  4:42  Roach, Zergling x2  
  53  4:51  Roach  
  53  4:52  Roach, Zergling x2  
  54  4:55  Roach, Zergling x2  
  54  4:58  Zergling x2  
  54  4:59  Zergling x4  
  57  5:02  Drone  
  57  5:03  Drone  
  54  5:07  Drone x4  
  57  5:14  Drone  
  57  5:19  Baneling x2  
  57  5:27  Overlord  
  57  5:29  Overlord  
  57  5:31  Evolution Chamber  
  57  5:35  Overlord  
  56  5:36  Drone  
  56  5:42  Lair  
  57  5:43  Drone  
  57  5:45  Extractor  
  58  5:50  Drone x7  
  58  5:53  Spine Crawler, Baneling x2  
  61  5:58  Roach x2  
  61  6:01  Roach  
  66  6:10  Roach x3  
  71  6:12  Drone x2  
  71  6:17  Drone  
  71  6:18  Drone x3  
  77  6:24  Drone x4  
  80  6:35  Drone  
  80  6:36  Drone x2  
  80  6:38  Drone  
  81  6:45  Overlord  
  81  6:46  Overlord  
  81  6:47  Drone  
  81  6:48  Zerg Missile Weapons Level 1  
  82  6:55  Glial Reconstitution, Extractor  
  82  6:57  Overlord x2  
  81  7:02  Overseer  
  81  7:05  Drone x8  
  81  7:06  Extractor  
  81  7:08  Overlord  
  88  7:10  Roach  
  88  7:13  Ravager x2  
  88  7:14  Roach x2  
  96  7:21  Roach x2  
  96  7:22  Overlord  
  100  7:26  Roach x2  
  104  7:31  Roach  
  104  7:32  Roach  
  104  7:34  Overlord  
  107  7:37  Overlord  
  107  7:38  Roach x3  
  107  7:43  Roach x4  
  121  7:46  Overlord  
  121  7:50  Overlord x2  
  121  7:54  Roach x2  
  121  7:55  Roach  
  121  7:57  Ravager  
  128  8:00  Roach  
  128  8:03  Ravager  
  131  8:05  Drone  
  131  8:08  Roach  
  131  8:20  Roach x2  
  131  8:21  Roach x6  
  131  8:25  Roach x2  
  131  8:26  Roach  
  153  8:28  Hatchery  
  153  8:31  Roach  
  153  8:32  Roach  
  156  8:40  Overlord  
  156  8:41  Roach  
  158  8:44  Extractor  
  158  8:47  Roach x2  
  155  8:57  Roach  
  155  8:58  Roach x4  
  163  9:06  Overlord  
  163  9:07  Overseer  
  163  9:11  Roach  
  163  9:13  Roach x3  
  163  9:14  Roach  
  163  9:15  Overlord  
  169  9:25  Overlord x2  
  169  9:28  Roach  
  171  9:33  Roach x2  
  169  9:40  Roach  
  169  9:43  Roach x4  
  133  10:02  Roach x5  
  133  10:05  Roach x4  
  133  10:06  Roach x8  
  161  10:09  Roach  
  161  10:10  Roach  
  161  10:12  Roach x3  
  167  10:18  Roach x5  
Tags
 
Add a new tag
Caveats
  • Supply blocks, unpowered buildings, or Contaminate may cause inaccurate times.
  • Supply counts are checked every 10 seconds.